 Dungeon Crawl Stone Soup version 0.26-a0-658-gbdda728c12 (webtiles) character file.

Game seed: 9281867969479335674

2515 jiml777 the Magician (level 9, 0/71 HPs)
             Began as a Gnoll Warper on Oct 4, 2020.
             Was an Initiate of Gozag.
             Slain by a hound (3 damage)
             ... on level 8 of the Dungeon.
             The game lasted 00:35:04 (8115 turns).

jiml777 the Magician (Gnoll Warper)                 Turns: 8115, Time: 00:35:06

Health: 0/71       AC: 11    Str: 11    XL:     9   Next: 54%
Magic:  28/28      EV: 14    Int: 29    God:    Gozag
Gold:   515        SH:  5    Dex: 14    Spells: 16/21 levels left

rFire    . . .     SeeInvis .   t - +3 quarterstaff (chaos)
rCold    . . .     Faith    .   (shield currently unavailable)
rNeg     . . .     Spirit   .   b - +0 leather armour
rPois    .         Reflect  +   V - +1 helmet {Int+3}
rElec    .         Harm     .   n - +1 cloak
rCorr    .         Rampage  .   N - +2 pair of gloves
MR       .....                  (no boots)
Stlth    ++........             B - amulet of reflection
HPRegen  0.21/turn              R - +6 ring of intelligence
MPRegen  0.21/turn              v - ring of magical power

@: mighty, gold aura, hasted, drained, very quick
A: distributed training, fangs 1, screaming 1, weak 1, strong nose
a: Potion Petition, Call Merchant, Bribe Branch, Renounce Religion


You were on level 8 of the Dungeon.
You worshipped Gozag.
Gozag was pleased with you.
You visited 2 branches of the dungeon, and saw 9 of its levels.

You collected 1105 gold pieces.
You spent 539 gold pieces at shops.
You paid 51 gold pieces to Gozag.

Inventory:

Hand Weapons
 a - a +0 hand axe
 o - a +0 hunting sling
 t - a +3 quarterstaff of chaos (weapon)
 y - a +3 dagger of pain
 z - a +1 great mace of holy wrath
 I - a +1 flail of distortion
Missiles
 c - 114 arrows
 e - 5 boomerangs of dispersal (quivered)
 i - 110 sling bullets
 k - 24 poisoned darts
 A - 43 bolts
Armour
 b - a +0 leather armour (worn)
 f - a +0 ring mail
 j - a +0 chain mail
 n - a +1 cloak (worn)
 x - a +0 plate armour
 M - a +0 robe
 N - a +2 pair of gloves (worn)
 T - a scarf of harm
 U - the +5 scale mail of a sewer {Rampage *Drain rCorr Stlth-}
   (You bought it in a shop on level 7 of the Dungeon)

   It provides partial protection from all sources of acid and corrosion.
   It causes draining when unequipped.
   It bestows one free step when moving towards enemies.
   It makes you less stealthy.
 V - a +1 helmet of intelligence (worn)
Jewellery
 g - an uncursed ring of stealth
 v - a ring of magical power (right hand)
 w - an uncursed ring of wizardry
 B - an amulet of reflection (around neck)
 C - an uncursed ring of magical power
 K - an uncursed ring of ice
 L - an uncursed amulet of regeneration
 R - a +6 ring of intelligence (left hand)
Wands
 h - a wand of polymorph (17)
Scrolls
 d - 2 scrolls of blinking
 m - a scroll of identify
 r - a scroll of remove curse
 s - a scroll of magic mapping
 u - 2 scrolls of fear
 F - a scroll of amnesia
 O - a scroll of teleportation
 P - a scroll of enchant weapon
Potions
 l - 2 potions of cancellation
 p - a potion of brilliance
 q - a potion of curing
 E - a potion of resistance
 G - a potion of invisibility
 Q - a potion of mutation
 S - a potion of stabbing


   Skills:
 + Level 6.4(5.6) Fighting
 + Level 4.3(3.6) Short Blades
 + Level 4.3(3.6) Long Blades
 + Level 6.4(5.6) Axes
 + Level 4.3(3.6) Maces & Flails
 + Level 4.3(3.6) Polearms
 + Level 4.3(3.6) Staves
 + Level 4.3(3.6) Slings
 + Level 4.3(3.6) Bows
 + Level 4.3(3.6) Crossbows
 + Level 5.1(4.4) Throwing
 + Level 5.1(4.4) Armour
 + Level 6.4(5.6) Dodging
 + Level 4.3(3.6) Stealth
 + Level 4.3(3.6) Shields
 + Level 4.3(3.6) Unarmed Combat
 + Level 6.7(6.0) Spellcasting
 + Level 3.5(2.9) Conjurations
 + Level 3.5(2.9) Hexes
 + Level 3.5(2.9) Summonings
 + Level 3.5(2.9) Necromancy
 + Level 6.6(5.9) Translocations
 + Level 3.5(2.9) Transmutations
 + Level 3.5(2.9) Fire Magic
 + Level 3.5(2.9) Ice Magic
 + Level 3.5(2.9) Air Magic
 + Level 3.5(2.9) Earth Magic
 + Level 3.5(2.9) Poison Magic
 + Level 4.8(4.1) Invocations
 + Level 4.3(3.6) Evocations


You had 16 spell levels left.
You knew the following spells:

 Your Spells              Type           Power        Failure   Level
a - Blink                 Tloc           N/A          1%          2
b - Teleport Other        Tloc           #####...     1%          3

Your spell library contained the following spells:

 Spells                   Type           Power        Failure   Level
 Gell's Gravitas          Tloc           #####.....   1%          3
 Lesser Beckoning         Tloc           #####.....   1%          3
 Passage of Golubria      Tloc           N/A          6%          4


Dungeon Overview and Level Annotations

Branches:
Dungeon (8/15)             Temple (1/1) D:4
   Lair: D:8-11

Altars:
Ashenzari
Cheibriados
Dithmenos
Elyvilon
Fedhas
Gozag
Hepliaklqana
Kikubaaqudgha
Makhleb
Nemelex Xobeh
Okawaru
Qazlal
Ru
Sif Muna
Trog
Uskayaw
Vehumet
Wu Jian
Xom
Yredelemnul
Zin
The Shining One

Shops:
D:7 [

Annotations:
D:4 3 runed translucent doors, Barbarella's ghost, amateur HuFi
D:8 3 runed translucent doors, Pikel; droidtality's ghost, novice DDFi


Innate Abilities, Weirdness & Mutations

Your experience applies equally to all skills.
You have very sharp teeth.
Your uncanny sense of smell can sniff out nearby items.
You occasionally shout uncontrollably at your foes.
You are weak. (Str -2)


Message History

The hound barely misses you. x2
The lemure becomes distracted by the nearby gold, dreaming of imaginary riches.
The lemure shouts!
You thump the hound! You freeze the hound.
The hound is almost dead.
The lemure is no longer distracted by gold. x2
The hound barely misses you.
The hound becomes distracted by the nearby gold, dreaming of imaginary riches.
You barely miss the hound.
The hound is no longer distracted by gold.
The hound barks!
The hound is almost dead.
The hound misses you.
You barely miss the hound.
The hound is almost dead.
The hound bites you.
* * * LOW HITPOINT WARNING * * *
The hound bites you.
You die...
Your body crumbles into a pile of gold.

.
#§.#K#.⌠##...##
#P.#.#.P#.....#
##K....##$....#
)$##.$....##
######........+
#....5.......##
#....5K5.....#
#....#h####.5..
+....+@# .....
#... ### ......
#... ...... ##+
∆ $ $


You could see Pikel, 3 lemures and a hound (berserk).

Vanquished Creatures
  Sigmund (D:4)
  A steam dragon (D:8)
  Menkaure (D:4)
  A water moccasin (D:7)
  An ice beast (D:7)
  2 orc warriors
  An ogre (D:6)
  2 phantoms
  2 centaurs (D:6)
  A bullfrog (D:7)
  A scorpion (D:5)
  5 killer bees (D:8)
  A howler monkey (D:6)
  2 hounds
  A centaur zombie (D:5)
  Crazy Yiuf (D:4)
  2 orc wizards (D:7)
  A centaur skeleton (D:6)
  Terence (D:2)
  4 iguanas
  Ijyb (D:4)
  6 worker ants
  A hound skeleton (D:7)
  Robin (D:4)
  7 gnolls
  2 howler monkey skeletons (D:6)
  A worker ant zombie (D:7)
  11 adders
  A shadow imp (D:6)
  A white imp (D:5)
  An ooze (D:5)
  2 ufetubi
  A worm (D:5)
  2 dart slugs
  4 leopard geckos
  8 orcs
  11 bats
  5 giant cockroaches
  15 goblins
  9 hobgoblins
  13 jackals
  4 quokkas
  A ball python (D:6)
  4 frilled lizards
  A jackal skeleton (D:5)
  9 kobolds
  6 rats
160 creatures vanquished.

Vanquished Creatures (others)
  7 fungi
  9 plants
16 creatures vanquished.

Grand Total: 176 creatures vanquished

Notes
Turn   | Place    | Note
-------+----------+-------------------------------------------
     0 | D:1      | jiml777 the Gnoll Warper began the quest for the Orb.
     0 | D:1      | Reached XP level 1. HP: 20/20 MP: 6/6
   421 | D:1      | Reached XP level 2. HP: 26/26 MP: 7/7
   968 | D:2      | Reached skill level 5 in Spellcasting
   968 | D:2      | Reached XP level 3. HP: 30/31 MP: 7/9
  1025 | D:2      | Reached skill level 1 in Invocations
  1304 | D:2      | Found a stormy altar of Qazlal.
  1575 | D:2      | Reached skill level 1 in Short Blades
  1575 | D:2      | Reached skill level 1 in Long Blades
  1575 | D:2      | Reached skill level 1 in Maces & Flails
  1575 | D:2      | Reached skill level 1 in Polearms
  1575 | D:2      | Reached skill level 1 in Staves
  1575 | D:2      | Reached skill level 1 in Slings
  1575 | D:2      | Reached skill level 1 in Bows
  1575 | D:2      | Reached skill level 1 in Crossbows
  1575 | D:2      | Reached skill level 1 in Stealth
  1575 | D:2      | Reached skill level 1 in Shields
  1575 | D:2      | Reached skill level 1 in Unarmed Combat
  1575 | D:2      | Reached skill level 1 in Evocations
  1610 | D:2      | Noticed Terence
  1643 | D:2      | Killed Terence
  1643 | D:2      | Reached XP level 4. HP: 27/38 MP: 11/11
  1835 | D:3      | Reached skill level 1 in Conjurations
  1835 | D:3      | Reached skill level 1 in Hexes
  1835 | D:3      | Reached skill level 1 in Summonings
  1835 | D:3      | Reached skill level 1 in Necromancy
  1835 | D:3      | Reached skill level 1 in Transmutations
  1835 | D:3      | Reached skill level 1 in Fire Magic
  1835 | D:3      | Reached skill level 1 in Ice Magic
  1835 | D:3      | Reached skill level 1 in Air Magic
  1835 | D:3      | Reached skill level 1 in Earth Magic
  1835 | D:3      | Reached skill level 1 in Poison Magic
  1859 | D:3      | Reached XP level 5. HP: 43/43 MP: 12/12
  2609 | D:3      | Found a faded altar of an unknown god.
  2647 | D:4      | Noticed Ijyb
  2657 | D:4      | Killed Ijyb
  2723 | D:4      | Noticed Sigmund
  2754 | D:4      | Killed Sigmund
  2754 | D:4      | Reached skill level 5 in Fighting
  2754 | D:4      | Reached skill level 5 in Axes
  2754 | D:4      | Reached skill level 5 in Dodging
  2754 | D:4      | Reached XP level 6. HP: 18/51 MP: 14/14
  2968 | D:4      | Found a runed translucent gate.
  2968 | D:4      | Found a runed translucent gate.
  2968 | D:4      | Found a runed translucent gate.
  2969 | D:4      | Noticed Barbarella's ghost (amateur HuFi)
  3179 | D:4      | Found a staircase to the Ecumenical Temple.
  3402 | Temple   | Entered the Ecumenical Temple
  3483 | Temple   | Became a worshipper of Gozag Ym Sagoz the Greedy
  3676 | D:4      | Noticed Robin
  3686 | D:4      | Reached XP level 7. HP: 56/56 MP: 15/15
  3694 | D:4      | Noticed Menkaure
  3701 | D:4      | Killed Robin
  4008 | D:4      | Killed Menkaure
  4734 | D:4      | Found a runed translucent door.
  4735 | D:4      | Noticed Crazy Yiuf
  4752 | D:4      | Killed Crazy Yiuf
  4813 | D:5      | Entered Level 5 of the Dungeon
  5238 | D:5      | Reached XP level 8. HP: 61/63 MP: 16/16
  6519 | D:6      | Found an iron altar of Okawaru.
  6768 | D:7      | Reached XP level 9. HP: 60/69 MP: 18/18
  7112 | D:7      | Learned a level 2 spell: Blink
  7153 | D:7      | Gained mutation: You are weak. (Str -2) [mutagenic glow]
  7164 | D:7      | Gained mutation: You occasionally shout uncontrollably at
                  | your foes. [mutagenic glow]
  7386 | D:7      | Found a broken altar of Ashenzari.
  7386 | D:7      | Found a sparkling altar of Nemelex Xobeh.
  7387 | D:7      | Found a basalt altar of Yredelemnul.
  7478 | D:7      | Learned a level 3 spell: Teleport Other
  7628 | D:7      | Found Gaoqaso's Antique Armour Emporium.
  7631 | D:7      | Bought a glowing scarf for 176 gold pieces
  7631 | D:7      | Bought a slimy scale mail for 198 gold pieces
  7631 | D:7      | Bought a shiny helmet for 165 gold pieces
  7672 | D:7      | Identified the +5 scale mail of a sewer {Rampage *Drain
                  | rCorr Stlth-} (You bought it in a shop on level 7 of the
                  | Dungeon)
  8054 | D:8      | Found a runed translucent gate.
  8054 | D:8      | Found a runed translucent gate.
  8054 | D:8      | Found a runed translucent gate.
  8054 | D:8      | Noticed droidtality's ghost (novice DDFi)
  8054 | D:8      | Noticed a kobold demonologist
  8054 | D:8      | Identified the +5 dagger "Onesche" {pain, *Slow rPois rN+
                  | Dex+4}
  8075 | D:8      | Reached skill level 5 in Throwing
  8075 | D:8      | Reached skill level 5 in Armour
  8077 | D:8      | Noticed Pikel
  8115 | D:8      | HP: 3/71 [hound (4)]
  8115 | D:8      | Slain by a hound

Illustrated notes

Levels and vault maps discovered:
D:1:      dpeg_arrival_ternary, layout_basic, minmay_tree_intersection,
          chequers_arboretum
D:2:      layout_loops_cross, lemuel_crystal_altar, uniq_terence
D:3:      layout_rooms, chequers_ecumenical_altar_lobes,
          wad_floor_pattern_untrapped
D:4:      layout_basic, minmay_temple_entry_sparse_star,
          ebering_ghost_rock_garden, uniq_menkaure, uniq_robin, uniq_sigmund,
          uniq_ijyb, uniq_crazy_yiuf_cottage
D:5:      old_forge, layout_basic, minmay_misc_feat_rugged
D:6:      layout_loops_ring, okawaru_altar_gauntlet_db
D:7:      layout_loops_ring, gammafunk_temple_overflow_claw, serial_shops,
          nicolae_shop_behind_doors, grunt_tough_drop
D:8:      layout_basic, gammafunk_ghost_nasty_kobolds, uniq_pikel, uniq_joseph
Temple:   minmay_crystal_spiral_temple

Skill      XL: |  1  2  3  4  5  6  7  8  9 |
---------------+----------------------------+-----
Spellcasting   | 5 6 |  6.7
Invocations    | 1 2 3 4 |  4.8
Short Blades   | 1 2 3 4 |  4.3
Long Blades    | 1 2 3 4 |  4.3
Maces & Flails | 1 2 3 4 |  4.3
Polearms       | 1 2 3 4 |  4.3
Staves         | 1 2 3 4 |  4.3
Slings         | 1 2 3 4 |  4.3
Bows           | 1 2 3 4 |  4.3
Crossbows      | 1 2 3 4 |  4.3
Stealth        | 1 2 3 4 |  4.3
Shields        | 1 2 3 4 |  4.3
Unarmed Combat | 1 2 3 4 |  4.3
Evocations     | 1 2 3 4 |  4.3
Conjurations   | 1 2 3 |  3.5
Hexes          | 1 2 3 |  3.5
Summonings     | 1 2 3 |  3.5
Necromancy     | 1 2 3 |  3.5
Transmutations | 1 2 3 |  3.5
Fire Magic     | 1 2 3 |  3.5
Ice Magic      | 1 2 3 |  3.5
Air Magic      | 1 2 3 |  3.5
Earth Magic    | 1 2 3 |  3.5
Poison Magic   | 1 2 3 |  3.5
Throwing       | 3 4 5 |  5.1
Armour         | 3 4 5 |  5.1
Fighting       | 5 6 |  6.4
Axes           | 5 6 |  6.4
Dodging        | 5 6 |  6.4
Translocations | 6 |  6.6

Action                   |  1- 3 |  4- 6 |  7- 9 || total
-------------------------+-------+-------+-------++-------
Melee: Hand axe          |   124 |     2 |       ||   126
       Bite              |    11 |    22 |    40 ||    73
       Dagger            |       |   187 |    97 ||   284
       Punch             |       |     1 |       ||     1
       Quarterstaff      |       |       |   259 ||   259
       Great mace        |       |       |    11 ||    11
Evoke: Wand              |       |       |     1 ||     1
  Use: Potion            |       |     6 |     7 ||    13
       Scroll            |       |    10 |     8 ||    18
 Stab: Sleeping          |       |     5 |     1 ||     6
       Invisible         |       |     1 |       ||     1
       Distracted        |       |       |     4 ||     4
       Held in net/web   |       |       |     1 ||     1
       Petrifying        |       |       |     1 ||     1
       Paralysed         |       |       |     1 ||     1
       Confused          |       |       |     1 ||     1
Armor: Leather armour    |     2 |       |    26 ||    28
       Chain mail        |    59 |       |       ||    59
       Ring mail         |     6 |       |       ||     6
       Skin              |       |    24 |       ||    24
       Plate armour      |       |   112 |   192 ||   304
Dodge: Dodged            |    53 |    42 |   135 ||   230
Block: Other             |       |    27 |    99 ||   126
       Reflection        |       |       |     4 ||     4

Table legend: (Time is in decaauts)
 A = Elapsed time spent in this place.
 B = Non-inter-level travel time spent in this place.
 C = Inter-level travel time spent in this place.
 D = Time resting spent in this place.
 E = Time spent auto-exploring this place.
 F = Levels seen in this place.
 G = Mean time per level.
                   A        B        C        D        E       F      G
               +--------+--------+--------+--------+--------+-----+--------+
         Total |   8131 |   7864 |    267 |   1690 |   3570 |   9 |  903.4 |
       Dungeon |   7960 |   7777 |    183 |   1690 |   3491 |   8 |  995.0 |
        Temple |    170 |     86 |     84 |      0 |     79 |   1 |  170.0 |
               +--------+--------+--------+--------+--------+-----+--------+

Top non-repeatable levels by time:
     D:4: 1720 daAuts
     D:7: 1364 daAuts
     D:6: 1245 daAuts
     D:3: 1070 daAuts
     D:1: 952 daAuts
     D:2: 877 daAuts
     D:5: 668 daAuts
  Temple: 170 daAuts
     D:8: 61 daAuts
